 Dungeon Crawl Stone Soup version 0.30-a0-778-g2ef04afb54 (webtiles) character file.

Game seed: 13208851507579679384

93 bande the Trooper (level 4, -4/29 HPs)
             Began as a Gargoyle Fighter on Feb 17, 2023.
             Slain by a gnoll
             ... wielding a +0 spear
              (6 damage)
             ... on level 3 of the Dungeon.
             The game lasted 00:02:34 (2058 turns).

bande the Trooper (Gargoyle Fighter)                Turns: 2058, Time: 00:02:35

Health: -4/29      AC: 13    Str: 19    XL:     4   Next: 61%
Magic:  4/4        EV:  9    Int:  9    God:
Gold:   103        SH:  4    Dex: 11    Spells: 3/3 levels left

rFire   . . .      SeeInvis .    a - +0 war axe
rCold   . . .      Faith    .    c - +0 buckler
rNeg    + . .      Spirit   .    b - +0 scale mail
rPois   ∞          Reflect  .    (no helmet)
rElec   +          Harm     .    (no cloak)
rCorr   .          Rampage  .    t - +2 pair of gloves
Will    .....                    (no boots) Stlth
                                 (no amulet)
HPRegen 0.24/turn                (no ring)
MPRegen 0.09/turn                (no ring)

@: no status effects
A: sickness immunity, AC +3, negative energy resistance 1, electricity
resistance, torment resistance 1, petrification resistance
a: no special abilities


You were on level 3 of the Dungeon.
You visited 1 branch of the dungeon, and saw 3 of its levels.

You collected 103 gold pieces.

Inventory:

Hand Weapons
 a - a +0 war axe (weapon)
 r - a +2 heavy flail
Armour
 b - a +0 scale mail (worn)
 c - a +0 buckler (worn)
 t - a +2 pair of gloves (worn)
Scrolls
 e - a scroll of teleportation {unknown}
 f - 6 scrolls of identify {unknown}
 i - 3 scrolls of magic mapping {unknown}
 j - a scroll of amnesia {unknown}
 l - 2 scrolls of fear {unknown}
 n - a scroll of noise {unknown}
 o - a scroll of vulnerability {unknown}
Potions
 d - a potion of might
 g - a potion of lignification {unknown}
 h - 3 potions of curing {unknown}
 k - 2 potions of invisibility {unknown}
 m - a potion of heal wounds {unknown}
 p - a potion of resistance {unknown}
 q - a potion of attraction {unknown}
 s - a potion of magic {unknown}


   Skills:
 + Level 3.9 Fighting
 + Level 3.2 Axes
 + Level 3.8 Armour
 + Level 3.6 Shields


You had 3 spell levels left.
You didn't know any spells.
Your spell library contained the following spells:

 Spells                   Type           Power      Damage    Failure   Level
 Summon Forest            Summ/Tloc      0%         N/A       100%        5
 Summon Mana Viper        Hex/Summ       0%         N/A       100%        5
 Summon Cactus Giant      Summ           0%         N/A       100%        6


Dungeon Overview and Level Annotations

Branches:
Dungeon (3/15)

Altars:
Elyvilon
Kikubaaqudgha


Innate Abilities, Weirdness & Mutations

You are immune to sickness and miasma.
Your stone body is resilient. (AC +3)
You are immune to poison.
You resist negative energy. (rN+)
You are resistant to electric shocks. (rElec)
You are resistant to unholy torment.
You are immune to petrification.


Message History

A gnoll comes into view. It is wielding a +0 spear.
The gnoll shouts!
The gnoll hits you with a +0 spear.
You slash the gnoll!
The gnoll is almost dead.
The gnoll hits you with a +0 spear. The gnoll closely misses you.
You hit the gnoll but do no damage.
The gnoll is severely wounded.
The gnoll hits you with a +0 spear!
You hit the gnoll.
You kill the gnoll!
You closely miss the gnoll. The gnoll hits you with a +0 club.
You are too injured to fight recklessly!
You are too injured to fight recklessly!
You are too injured to fight recklessly!
You are too injured to fight recklessly!
You are too injured to fight recklessly!
You are too injured to fight recklessly!
You are too injured to fight recklessly!
You are too injured to fight recklessly!
You are too injured to fight recklessly!
You are too injured to fight recklessly!
You are too injured to fight recklessly!
Unknown command.
The gnoll hits you but does no damage. x2
You see here a +0 spear.
You barely miss the gnoll. You hit the gnoll but do no damage.
The gnoll hits you with a +0 spear. The gnoll hits you but does no damage.
You block the gnoll's attack. The gnoll hits you with a +0 spear.
* * * LOW HITPOINT WARNING * * *
Unknown command.
You hit the gnoll.
The gnoll is lightly wounded.
You barely miss the gnoll. The gnoll hits you with a +0 spear.
* * * LOW HITPOINT WARNING * * *
The gnoll completely misses you.
Unknown command.
You barely miss the gnoll. You hit the gnoll.
The gnoll hits you with a +0 spear.
You die...

###....## ##.# #.#
#.#
##....###..###.###.#
##.##.(.#.........#
#.######.###.###.#
#.# #.###.###.#
##+## #.........#
##...## #####.#####
##.....## ##.#
##.......## #g@#
#.........# #..g#
'†........+.......
#..†|.....####.).##
##.......## ##..#
##.....## ##.#
##...## #.# ##'##
#.. #.#


You could see 2 gnolls.

Vanquished Creatures
  A gnoll (D:3)
  2 adders
  2 worms (D:3)
  A dart slug (D:1)
  An orc (D:3)
  3 bats
  6 endoplasms
  6 giant cockroaches
  3 goblins
  5 hobgoblins
  4 jackals
  A quokka (D:2)
  6 ball pythons
  3 frilled lizards
  5 kobolds
  4 rats
53 creatures vanquished.

Notes
Turn   | Place    | Note
-------+----------+-------------------------------------------
     0 | D:1      | bande the Gargoyle Fighter began the quest for the Orb.
     0 | D:1      | Reached XP level 1. HP: 14/14 MP: 1/1
   190 | D:1      | Reached XP level 2. HP: 17/19 MP: 2/2
   311 | D:1      | Found a faded altar of an unknown god.
   578 | D:1      | Reached XP level 3. HP: 24/24 MP: 3/3
  1384 | D:3      | Reached XP level 4. HP: 24/29 MP: 4/4
  1554 | D:3      | Found an ancient bone altar of Kikubaaqudgha.
  1727 | D:3      | Found a white marble altar of Elyvilon.
  2029 | D:3      | Identified the +0 leather armour of Xeyhiecs {Int+5 SInv}
  2058 | D:3      | Slain by a gnoll

Illustrated notes

Levels and vault maps discovered:
D:1:      doesnt_arrival_eight_statues, layout_rooms,
          chequers_ecumenical_altar_simple_redux
D:2:      layout_basic, minmay_door_square
D:3:      layout_loops_corners, nicolae_kikubaaqudgha_miasma_corner,
          mainiacjoe_overflow_cross_hatched

Skill      XL: |  1  2  3  4 |
---------------+-------------+-----
Axes           | 2 3 |  3.2
Fighting       | |  3.9
Armour         | |  3.8
Shields        | |  3.6

Action                     |  1- 3 |  4- 6 || total
---------------------------+-------+-------++-------
  Melee: War axe           |   104 |    46 ||   150
 Armour: Scale mail        |    69 |    17 ||    86
  Dodge: Dodged            |    54 |    21 ||    75
  Block: Buckler           |    20 |    11 ||    31

Table legend: (Time is in decaauts)
 A = Elapsed time spent in this place.
 B = Non-inter-level travel time spent in this place.
 C = Inter-level travel time spent in this place.
 D = Time resting spent in this place.
 E = Time spent auto-exploring this place.
 F = Levels seen in this place.
 G = Mean time per level.
                   A        B        C        D        E       F      G
               +--------+--------+--------+--------+--------+-----+--------+
         Total |   2118 |   2118 |      0 |    137 |   1562 |   3 |  706.0 |
       Dungeon |   2118 |   2118 |      0 |    137 |   1562 |   3 |  706.0 |
               +--------+--------+--------+--------+--------+-----+--------+

Top non-repeatable levels by time:
     D:3: 715 daAuts
     D:2: 702 daAuts
     D:1: 701 daAuts
